 Dungeon Crawl Stone Soup version 0.17.0-26-gececa24 (webtiles) character file.

23888 dorian the Arsonist (level 13, -8/71 HPs)
             Began as an Octopode Fire Elementalist on Nov 19, 2015.
             Was a High Priest of Vehumet.
             Mangled by a seven-headed hydra (15 damage)
             ... on level 4 of the Lair of Beasts.
             The game lasted 01:06:42 (23385 turns).

dorian the Arsonist (Octopode Fire Elementalist)   Turns: 23385, Time: 01:06:42

Health: -8/71      AC:  6    Str:  7    XL:     13   Next: 9%
Magic:  15/25      EV: 16    Int: 23    God:    Vehumet [*****.]
Gold:   640        SH:  0    Dex: 16    Spells: 7 memorised, 5 levels left

rFire  . . .     SeeInvis +     O - +3 flail (protect)
rCold  . . .     Clarity  .     (no shield)
rNeg   + . .     SustAt   .     (helmet restricted)
rPois  +         Gourm    .     n - amulet of warding
rElec  .         Spirit   .     q - +4 ring of evasion
rCorr  .         Warding  +     G - ring of see invisible
rMut   .         Rnd*Tele +     E - ring of poison resistance
MR     .....                    (no ring)
Stlth  +++++.....               (no ring)
                                (no ring)
                                (no ring)
                                (no ring)

@: not resistant to hostile enchantments, quite stealthy
A: almost no armour, amphibious, 8 rings, constrict 8, antennae 1, camouflage 1,
agile 1, clever 1, poison resistance, spit poison 1, teleportitis 1, gelatinous
body 1
a: Spit Poison, Renounce Religion


You were on level 4 of the Lair of Beasts.
You worshipped Vehumet.
Vehumet was extremely pleased with you.
You were hungry.

You visited 3 branches of the dungeon, and saw 16 of its levels.

You collected 796 gold pieces.
You spent 156 gold pieces at shops.

Inventory:

Hand Weapons
 s - a +1 flail of draining
 C - a +4 blowgun
 D - a +1 spear of freezing
 O - a +3 flail of protection (weapon)
Missiles
 N - 9 curare-tipped needles
Magical Staves
 A - an uncursed staff of summoning
Jewellery
 n - an amulet of warding (around mantle)
 q - a +4 ring of evasion (left tentacle)
 E - a ring of poison resistance (on tentacle)
 G - a ring of see invisible (right tentacle)
 K - an uncursed ring of teleportation
Wands
 f - a wand of paralysis (0)
 k - a wand of teleportation (0)
 u - a wand of magic darts (0)
 v - a wand of lightning (6)
 w - a wand of flame (15)
 y - a wand of lightning (7)
 B - a wand of frost (31)
 H - a wand of confusion (4)
 J - a wand of magic darts (9)
 M - a wand of random effects (16)
 Q - a wand of cold (5)
Scrolls
 c - 3 scrolls of teleportation
 e - 8 scrolls of identify
 i - 2 scrolls of recharging
 m - 6 scrolls of remove curse
 o - a scroll of blinking
 p - 3 scrolls of fear
 r - 6 scrolls of magic mapping
 z - 4 scrolls of immolation
 R - a scroll of amnesia
Potions
 g - 5 potions of curing
 h - a potion of flight
 j - a potion of heal wounds
 l - 4 potions of lignification
 t - 2 potions of might
 x - 2 potions of agility
 L - a potion of berserk rage
Books
 a - a book of Flames

   Spells                             Type                      Level
   a - Flame Tongue                   Conjuration/Fire             1
   b - Throw Flame                    Conjuration/Fire             2
   c - Conjure Flame                  Conjuration/Fire             3
   d - Inner Flame                    Hexes/Fire                   3
   e - Sticky Flame                   Conjuration/Fire             4
   f - Fireball                       Conjuration/Fire             5
 P - a book of Maledictions

   Spells                             Type                      Level
   a - Corona                         Hexes                        1
   b - Ensorcelled Hibernation        Hexes/Ice                    2
   c - Confuse                        Hexes                        3
   d - Tukima's Dance                 Hexes                        3
   e - Dazzling Spray                 Conjuration/Hexes            3
Comestibles
 b - 11 bread rations
 d - 10 meat rations
 F - 2 royal jellies
 I - 3 fruits
 S - 7 chunks of flesh


   Skills:
 - Level 2.0 Dodging
 - Level 7.0 Stealth
 - Level 8.7 Spellcasting
 + Level 13.3 Conjurations
 + Level 13.4 Fire Magic


You had 5 spell levels left.
You knew the following spells:

 Your Spells              Type           Power        Failure   Level  Hunger
a - Flame Tongue          Conj/Fire      #####        1%          1    None
b - Conjure Flame         Conj/Fire      ######..     1%          3    None
c - Sticky Flame          Conj/Fire      ######..     1%          4    ##.....
d - Fireball              Conj/Fire      ######....   1%          5    ####...
e - Ignite Poison         Fire/Trmt/Pois ####....     1%          3    None
f - Throw Icicle          Conj/Ice       #####...     1%          4    ##.....
g - Force Lance           Conj/Tloc      #####...     1%          4    ##.....


Dungeon Overview and Level Annotations

Branches:
Dungeon (11/15)            Temple (1/1) D:7            Lair (4/8) D:8
 Spider (0/4) Lair:3          Orc (0/4) D:9
  Swamp: Lair:3-6    Shoals: Lair:3-6

Altars:
Ashenzari
Cheibriados
Dithmenos
Elyvilon
Fedhas
Gozag
Kikubaaqudgha
Nemelex Xobeh
Okawaru
Qazlal
Ru
Sif Muna
Trog
Vehumet
Yredelemnul
Zin
The Shining One

Shops:
D:8 ?


Innate Abilities, Weirdness & Mutations

You cannot wear most types of armour.
You are amphibious.
You can wear up to eight rings at the same time.
You can use your tentacles to constrict eight enemies at once.
Your skin changes colour to match your surroundings (Stealth).
Your rubbery body absorbs attacks (AC +1).
You have a pair of small antennae on your head.
You are agile. (Dex +2)
Your mind is acute. (Int +2)
Your system is resistant to poisons.
You can spit weak poison.
You are occasionally teleported to nearby monsters.


Message History

The worker ant slams into the rock wall!
You kill the worker ant!
Vehumet accepts your kill.
You feel your power returning.
The seven-headed hydra barely misses you.
The seven-headed hydra bites you!
The seven-headed hydra closely misses you.
The seven-headed hydra bites you. x2
The seven-headed hydra misses you. The seven-headed hydra bites you!
Casting: Force Lance
Confirm with . or Enter, or press ? or * to list all spells.
Aiming: Force Lance
Press: ? - help, Shift-Dir - straight line, f - seven-headed hydra
Aim: a seven-headed hydra The lance of force hits the seven-headed hydra.
The seven-headed hydra is moderately wounded.
The seven-headed hydra bites you!
* * * LOW HITPOINT WARNING * * *
The seven-headed hydra bites you!
You die...

#.#####....#.##
##....###<.....##
##.....##........#
#P.....##.......##
##....##......#.#
#.....###..P...##
##...##..#.#....#
#.#......#......# ####
#..........#...@########.P#
#...........#...D##†#....##
#..................#..>...#
#####..................).##
#........##..........##
##....................####
#P.P.........P.####.....#
#.....#...#.....####...##
###......P.P.....##.##...#
#


You could see a seven-headed hydra.

Vanquished Creatures
  A hydra (Lair:4)
  Sonja (Lair:2)
  A wolf spider (Lair:3)
  A black mamba (Lair:2)
  10 spiny frogs
  5 elephants (Lair:4)
  3 fire drakes
  2 komodo dragons
  A polar bear (Lair:3)
  15 blink frogs
  A wyvern (D:8)
  17 yaks
  6 hippogriffs
  3 basilisks
  2 soldier ants (Lair:4)
  A warg (D:9)
  12 wolves
  8 water moccasins
  8 porcupines
  An ice beast (D:10)
  7 orc warriors
  2 black bears
  2 wasps
  4 ogres
  A sky beast (D:10)
  8 crocodiles
  2 centaurs
  2 phantoms
  A big kobold (D:7)
  A wyvern zombie (D:10)
  12 giant frogs
  A scorpion (D:7)
  A wyvern skeleton (D:9)
  An electric eel (D:8)
  10 killer bees
  5 wights (D:9)
  5 orc priests
  A wasp zombie (D:10)
  3 crimson imps
  3 jellies
  4 centaur skeletons
  3 hounds
  A giant frog skeleton (D:6)
  5 giant frog zombies
  Ijyb (D:2)
  9 orc wizards
  Jessica (D:9)
  13 worker ants
  7 iguanas
  7 sheep (Lair:1)
  A hound skeleton (D:4)
  10 adders
  3 gnolls (D:4)
  10 river rats (Lair:3)
  A shadow imp (D:7)
  3 oozes (D:2)
  2 adder zombies (D:5)
  8 worms
  6 giant geckos
  35 orcs
  2 ball pythons
  8 giant cockroaches
  9 goblins
  5 hobgoblins
  13 jackals
  3 quokkas
  10 bats
  4 giant gecko skeletons
  4 giant newts
  A jackal zombie (D:6)
  10 kobolds
  A quokka skeleton (D:4)
  7 rats
378 creatures vanquished.

Vanquished Creatures (others)
  A wyvern skeleton (D:10)
  A jelly (D:10)
  6 fungi
  3 plants
11 creatures vanquished.

Grand Total: 389 creatures vanquished

Notes
Turn   | Place    | Note
--------------------------------------------------------------
     0 | D:1      | dorian the Octopode Fire Elementalist began the quest for the Orb.
     0 | D:1      | Reached XP level 1. HP: 11/11 MP: 3/3
   277 | D:1      | Reached XP level 2. HP: 17/17 MP: 1/5
   566 | D:1      | Reached XP level 3. HP: 21/21 MP: 0/6
   929 | D:2      | Noticed Ijyb
   930 | D:2      | Found a glowing golden altar of the Shining One.
   993 | D:2      | Killed Ijyb
   993 | D:2      | Reached XP level 4. HP: 27/27 MP: 5/7
  1120 | D:2      | Reached skill level 4 in Fire Magic
  1562 | D:2      | Reached XP level 5. HP: 29/31 MP: 8/8
  1568 | D:2      | Found an iron altar of Okawaru.
  1828 | D:2      | Found a stormy altar of Qazlal.
  2415 | D:3      | Learned a level 3 spell: Conjure Flame
  2420 | D:3      | Learned a level 4 spell: Sticky Flame
  3437 | D:4      | Reached XP level 6. HP: 36/36 MP: 6/9
  3469 | D:4      | Noticed a phantom
  3513 | D:4      | Killed a phantom
  3513 | D:4      | Reached skill level 5 in Fire Magic
  3891 | D:4      | Found a basalt altar of Yredelemnul.
  3984 | D:4      | Reached skill level 5 in Conjurations
  4161 | D:4      | HP: 1/36 [orc/dagger (3)]
  4163 | D:4      | Reached XP level 7. HP: 26/41 MP: 0/10
  4310 | D:4      | Found a sacrificial altar of Ru.
  5090 | D:5      | Entered Level 5 of the Dungeon
  5687 | D:5      | Reached skill level 6 in Fire Magic
  6264 | D:6      | Reached XP level 8. HP: 26/46 MP: 1/11
  6435 | D:6      | Reached skill level 7 in Fire Magic
  6528 | D:6      | Found a sparkling altar of Nemelex Xobeh.
  7337 | D:7      | Found a staircase to the Ecumenical Temple.
  7348 | Temple   | Entered the Ecumenical Temple
  7368 | Temple   | Became a worshipper of Vehumet
  7431 | D:7      | Reached skill level 8 in Fire Magic
  7632 | D:7      | Reached XP level 9. HP: 43/51 MP: 7/12
  8213 | D:7      | Found an opulent altar of Gozag.
  8213 | D:7      | Found a glowing silver altar of Zin.
  8214 | D:7      | Found a shattered altar of Ashenzari.
  8508 | D:8      | Reached * piety under Vehumet
  8508 | D:8      | Offered knowledge of Freeze by Vehumet.
  8639 | D:8      | Reached skill level 9 in Fire Magic
  8648 | D:8      | Found Obajuhaf's Magic Scroll Emporium.
  8663 | D:8      | Bought a scroll of amnesia for 52 gold pieces
  8663 | D:8      | Bought a scroll of immolation for 52 gold pieces
  8663 | D:8      | Bought a scroll of fear for 52 gold pieces
  8856 | D:8      | Found a staircase to the Lair.
  8857 | D:8      | Noticed a komodo dragon
  8895 | D:8      | Killed a komodo dragon
 10211 | D:9      | Reached skill level 10 in Fire Magic
 10550 | D:9      | Reached XP level 10. HP: 18/56 MP: 5/13
 11029 | D:9      | Found a staircase to the Orcish Mines.
 11476 | D:9      | Reached skill level 10 in Conjurations
 11783 | D:9      | Offered knowledge of Searing Ray by Vehumet.
 11875 | D:9      | Reached ** piety under Vehumet
 12097 | D:9      | Found a snail-covered altar of Cheibriados.
 12102 | D:9      | Found a blossoming altar of Fedhas.
 12705 | D:9      | Noticed Jessica
 12710 | D:9      | Killed Jessica
 12713 | D:9      | Found a deep blue altar of Sif Muna.
 12830 | D:9      | Found a basalt altar of Yredelemnul.
 12920 | D:10     | Entered Level 10 of the Dungeon
 13552 | D:10     | Gained mutation: You are occasionally teleported to nearby monsters. [mutagenic meat]
 13553 | D:10     | Gained mutation: Your mind is acute. (Int +2) [mutagenic meat]
 13555 | D:10     | Gained mutation: You have a pair of small antennae on your head. [mutagenic meat]
 13794 | D:10     | Noticed a tengu warrior
 13846 | D:10     | Offered knowledge of Ignite Poison by Vehumet.
 13846 | D:10     | Reached skill level 11 in Fire Magic
 13861 | D:10     | Reached skill level 5 in Spellcasting
 14218 | D:11     | Noticed a cyclops
 14228 | D:10     | Learned a level 5 spell: Fireball
 14263 | D:10     | Learned a level 3 spell: Ignite Poison
 14454 | Lair:1   | Entered Level 1 of the Lair of Beasts
 14597 | Lair:1   | Reached XP level 11. HP: 47/61 MP: 11/18
 15032 | Lair:1   | Reached *** piety under Vehumet
 15453 | Lair:1   | Offered knowledge of Throw Icicle by Vehumet.
 15487 | Lair:1   | Learned a level 4 spell: Throw Icicle
 15717 | Lair:1   | Reached skill level 5 in Stealth
 16952 | Lair:2   | Noticed Sonja
 16963 | Lair:2   | Killed Sonja
 18100 | Lair:3   | Reached skill level 12 in Fire Magic
 18277 | Lair:3   | Reached XP level 12. HP: 45/66 MP: 18/22
 18661 | Lair:2   | Reached **** piety under Vehumet
 19322 | Lair:3   | Found a hole to the Spider Nest.
 19631 | Lair:3   | HP: 2/66 [blink frog (17)]
 19908 | Lair:3   | Offered knowledge of Force Lance by Vehumet.
 19915 | Lair:3   | Learned a level 4 spell: Force Lance
 20198 | Lair:3   | Gained mutation: You can spit weak poison. [potion of mutation]
 20198 | Lair:3   | Gained mutation: Your system is resistant to poisons. [potion of mutation]
 20198 | Lair:3   | Gained mutation: You are agile. (Dex +2) [potion of mutation]
 20612 | Lair:4   | Noticed a seven-headed hydra
 21636 | Lair:4   | Reached skill level 13 in Fire Magic
 22169 | Lair:4   | Killed a seven-headed hydra
 22688 | Lair:4   | Reached XP level 13. HP: 51/71 MP: 7/25
 23248 | Lair:4   | Noticed a queen ant
 23279 | Lair:4   | Reached ***** piety under Vehumet
 23304 | Lair:4   | Offered knowledge of Poison Arrow by Vehumet.
 23361 | Lair:4   | Noticed a seven-headed hydra
 23385 | Lair:4   | Mangled by a seven-headed hydra

Action                   |  1- 3 |  4- 6 |  7- 9 | 10-12 | 13-15 || total
-------------------------+-------+-------+-------+-------+-------++-------
Melee: Unarmed           |    12 |    51 |       |       |       ||    63
       Staff             |       |    27 |     8 |       |       ||    35
       Spear             |       |       |    87 |    32 |       ||   119
       Flail             |       |       |    11 |    36 |       ||    47
 Cast: Flame Tongue      |    37 |   135 |   202 |   627 |    54 ||  1055
       Conjure Flame     |       |       |     5 |    11 |       ||    16
       Sticky Flame      |       |       |    11 |    85 |     5 ||   101
       Throw Icicle      |       |       |       |    10 |     2 ||    12
       Force Lance       |       |       |       |     9 |     6 ||    15
       Ignite Poison     |       |       |       |       |     2 ||     2
Evoke: Wand              |       |       |     2 |    24 |     2 ||    28
  Use: Scroll            |     1 |     7 |    11 |     3 |       ||    22
       Potion            |       |     1 |       |     6 |       ||     7
 Stab: Sleeping          |     2 |     3 |     5 |     1 |       ||    11
       Distracted        |       |     1 |       |       |       ||     1
  Eat: Chunk             |       |     9 |    18 |    34 |     2 ||    63
       Fruit             |       |     2 |    10 |     6 |       ||    18
       Beef jerky        |       |       |       |     4 |       ||     4
       Bread ration      |       |       |       |     1 |       ||     1
       Royal jelly       |       |       |       |     1 |       ||     1
